 Seeded DCSS version 0.28-a0-726-g4a9143789a (webtiles) character file.

Game seed: 7516650237348835793 (custom seed)

6 flotson the Sneak (level 1, -3/18 HPs)
             Began as a Demonspawn Delver on Oct 27, 2021.
             Slain by a hobgoblin (4 damage)
             ... on level 2 of the Dungeon.
             The game lasted 00:02:12 (412 turns).

flotson the Sneak (Demonspawn Delver)                Turns: 412, Time: 00:02:12

Health: -3/18      AC:  6    Str: 12    XL:     1   Next: 75%
Magic:  1/1        EV:  9    Int: 11    God:
Gold:   38         SH:  0    Dex: 14    Spells: 0/0 levels left

rFire   . . .      SeeInvis .   a - +0 short sword
rCold   . . .      Faith    .   (no shield)
rNeg    . . .      Spirit   .   k - +0 scale mail
rPois   .          Reflect  .   (no helmet)
rElec   .          Harm     .   (no cloak)
rCorr   .          Rampage  .   (no gloves)
Will    .....                   (no boots)
Stlth   +.........              (no amulet)
HPRegen 0.06/turn               (no ring)
MPRegen 0.07/turn               (no ring)

@: no status effects
A: no striking features
a: no special abilities


You were on level 2 of the Dungeon.
You visited 1 branch of the dungeon, and saw 4 of its levels.

You collected 38 gold pieces.

Inventory:

Hand Weapons
 a - a +0 short sword (weapon)
Missiles
 h - 7 poisoned darts (quivered)
Armour
 k - a +0 scale mail (worn)
Wands
 g - a wand of digging (2)
 j - a wand of polymorph (7)
Scrolls
 b - a scroll of identify {unknown}
 c - a scroll of fog
 d - a scroll of magic mapping
 l - a scroll of summoning {unknown}
 m - a scroll of teleportation {unknown}
Potions
 f - a potion of haste
 i - a potion of mutation {unknown}


   Skills:
 + Level 3.0 Fighting
 - Level 1.7(1.8) Short Blades
 + Level 0.3(1.1) Long Blades
 + Level 0.3 Throwing
 + Level 0.3 Armour
 + Level 1.9 Dodging
 - Level 4.5 Stealth


You couldn't memorise any spells.
You didn't know any spells.
Your spell library was empty.

Dungeon Overview and Level Annotations

Branches:
Dungeon (5/15)
 Temple: D:4-7

Altars:


Message History

A worm is nearby!
You open the door.
Found a book of Scorching.
There is an open door here.
An orc comes into view. It is wielding a +0 short sword.
The orc shouts!
You barely miss the orc. The orc hits you with a +0 short sword.
* * * LOW HITPOINT WARNING * * *
You barely miss the orc. The orc hits you but does no damage.
You hit the orc.
The orc is moderately wounded.
The orc hits you with a +0 short sword.
* * * LOW HITPOINT WARNING * * *
As you read the scroll of fear, it crumbles to dust.
You assume a fearsome visage.
The orc looks frightened!
There is a stone staircase leading up here.
You climb upwards.
The hobgoblin shouts!
There is a stone staircase leading down here.
You climb downwards.
There is a stone staircase leading up here.
You start resting.
An orc is nearby!
You climb upwards.
The hobgoblin hits you.
* * * LOW HITPOINT WARNING * * *
There is a stone staircase leading down here.
You hit the hobgoblin but do no damage. The hobgoblin barely misses you.
Unknown command.
You hit the hobgoblin but do no damage.
The hobgoblin hits you but does no damage.
You hit the hobgoblin.
The hobgoblin is severely wounded.
The hobgoblin barely misses you.
You hit the hobgoblin but do no damage.
The hobgoblin is severely wounded.
The hobgoblin closely misses you.
Your scale mail prevents you from hitting the hobgoblin.
The hobgoblin is severely wounded.
The hobgoblin hits you.
You die...

#........
.........
#........
#........
#........
#........
#........
#@.......
#.g......
#........
#####.###
#


You could see a hobgoblin.

Vanquished Creatures
  2 giant cockroaches (D:3)
  2 goblins
  A frilled lizard (D:3)
  A rat (D:3)
6 creatures vanquished.

Notes
Turn   | Place    | Note
-------+----------+-------------------------------------------
     0 | D:5      | flotson the Demonspawn Delver began the quest for the Orb.
     0 | D:5      | Reached XP level 1. HP: 18/18 MP: 1/1
     5 | D:5      | Noticed an ogre
    53 | D:5      | Noticed an ice beast
    69 | D:5      | Noticed a hound
   320 | D:3      | Noticed an iguana
   412 | D:2      | Slain by a hobgoblin

Illustrated notes

Levels and vault maps discovered:
D:2:      minmay_thinvault, layout_rooms, dilly_ecumenical_altar_fadedgnrine,
          basic_altar
D:3:      wad_river_or_something, layout_basic, serial_glass, glass_columns_b,
          glass_columns_c, glass_columns_a, glass_columns_c, glass_columns_a,
          glass_columns_a, item_on_display_a, feat_on_display, item_on_display_a
D:4:      layout_layer_cave, uniq_natasha, uniq_menkaure
D:5:      layout_loops_ring, minmay_temple_entry_butterflies

Action                   || total
-------------------------++-------
Melee: Short sword       ||    28
Evoke: Wand              ||     1
  Use: Scroll            ||     1
Armor: Scale mail        ||     5
       Leather armour    ||     1
Dodge: Dodged            ||     8

Table legend: (Time is in decaauts)
 A = Elapsed time spent in this place.
 B = Non-inter-level travel time spent in this place.
 C = Inter-level travel time spent in this place.
 D = Time resting spent in this place.
 E = Time spent auto-exploring this place.
 F = Levels seen in this place.
 G = Mean time per level.
                   A        B        C        D        E       F      G
               +--------+--------+--------+--------+--------+-----+--------+
         Total |    413 |    413 |      0 |     26 |    143 |   4 |  103.2 |
       Dungeon |    413 |    413 |      0 |     26 |    143 |   4 |  103.2 |
               +--------+--------+--------+--------+--------+-----+--------+

Top non-repeatable levels by time:
     D:3: 219 daAuts
     D:4: 94 daAuts
     D:5: 92 daAuts
     D:2: 7 daAuts
